 Dungeon Crawl Stone Soup version 0.28-a0-1199-gef9e1dbd39 (webtiles) character file.

Game seed: 15183019709614742575

3626 Peloso the Carver (level 9, -2/81 HPs)
             Began as a Minotaur Fighter on Dec 19, 2021.
             Slain by an orc warrior (22 damage)
             ... in a bailey.
             The game lasted 00:12:06 (8184 turns).

Peloso the Carver (Minotaur Fighter)                Turns: 8184, Time: 00:12:07

Health: -2/81      AC: 18    Str: 22    XL:     9   Next: 87%
Magic:  8/8        EV:  5    Int:  5    God:
Gold:   293        SH: 10    Dex: 13    Spells: 8/8 levels left

rFire   . . .      SeeInvis +   a - +0 long sword
rCold   . . .      Faith    .   c - +0 kite shield
rNeg    . . .      Spirit   .   g - +0 plate armour
rPois   .          Reflect  .   (helmet restricted)
rElec   .          Harm     .   f - +0 cloak
rCorr   .          Rampage  .   F - +0 pair of gloves
Will    +....                   D - +0 pair of boots
Stlth   ..........              (no amulet)
HPRegen 0.23/turn               w - ring of willpower
MPRegen 0.11/turn               r - ring of see invisible

@: mighty
A: horns 2, retaliatory headbutt
a: no special abilities


You were in a bailey.
You visited 2 branches of the dungeon, and saw 8 of its levels.
You also visited: Bailey.

You collected 293 gold pieces.

Inventory:

Hand Weapons
 a - a +0 long sword (weapon)
 b - a +2 war axe of flaming
Armour
 c - a +0 kite shield (worn)
 f - a +0 cloak (worn)
 g - a +0 plate armour (worn)
 D - a +0 pair of boots (worn)
 F - a +0 pair of gloves (worn)
Jewellery
 r - a ring of see invisible (right hand)
 w - a ring of willpower (left hand)
 C - a ring of poison resistance
Wands
 t - a wand of polymorph (8)
 G - a wand of iceblast (7)
Scrolls
 h - 2 scrolls of vulnerability {unknown}
 j - a scroll of noise
 l - a scroll of identify
 m - a scroll of enchant armour
 n - 2 scrolls of immolation {unknown}
 o - a scroll of magic mapping
 q - a scroll of enchant weapon
 s - a scroll of fog {unknown}
 y - a scroll of fear
 E - a scroll of teleportation
 H - a scroll of amnesia {unknown}
Potions
 d - a potion of might
 e - 2 potions of ambrosia {unknown}
 i - 4 potions of curing
 k - 2 potions of lignification {unknown}
 u - 2 potions of flight {unknown}
 v - a potion of attraction {unknown}
 x - 10 potions of degeneration
 z - a potion of haste {unknown}
 A - 2 potions of brilliance
 B - a potion of resistance {unknown}


   Skills:
 + Level 8.0 Fighting
 + Level 11.8 Long Blades
 + Level 9.3 Armour
 + Level 0.8 Dodging
 + Level 0.4 Stealth
 + Level 6.3 Shields


You had 8 spell levels left.
You didn't know any spells.
Your spell library contained the following spells:

 Spells                   Type           Power      Damage    Failure   Level
 Ensorcelled Hibernation  Hex/Ice        0%         N/A       100%        2
 Conjure Flame            Conj/Fire      0%         6-21      100%        3
 Ignite Poison            Fire/Tmut/Pois 0%         N/A       100%        3
 Spider Form              Tmut/Pois      0%         N/A       100%        3
 Sticky Flame             Conj/Fire      0%         2d3       100%        4


Dungeon Overview and Level Annotations

Branches:
Dungeon (7/15)             Temple (1/1) D:5          Bailey (1/1)

Altars:
Cheibriados
Fedhas
Gozag
Hepliaklqana
Kikubaaqudgha
Makhleb
Nemelex Xobeh
Ru
Sif Muna
Trog
Uskayaw
Vehumet
Wu Jian
Yredelemnul
Zin
The Shining One
Lugonu

Shops:
D:7 ?

Annotations:
D:4 3 runed translucent doors, gareppa's ghost, amateur GrFi


Innate Abilities, Weirdness & Mutations

You have a pair of horns on your head.
You reflexively headbutt those who attack you in melee.


Message History

There is an empty arch of ancient stone here. 2 orc warriors come into view.
Found two gates leading back out of this place.
The orc warrior shouts! x2
The orc warrior hits you from afar with a +0 halberd.
The orc warrior hits you but does no damage.
You block the orc warrior's attack.
You slash the orc warrior!
The orc warrior is moderately wounded.
You block the orc warrior's attack. The orc warrior barely misses you.
You furiously retaliate!
You headbutt the orc warrior.
The orc knight roars a battlecry!
The orcs go into a battle-frenzy!
The orc warrior hits you from afar with a +0 halberd.
Your plate armour prevents you from hitting the orc warrior.
The orc warrior is heavily wounded.
The orc warrior hits you from afar with a +0 halberd!
An orc warrior comes into view. It is wielding a +0 arbalest.
You block the orc warrior's attack. The orc warrior barely misses you.
Unknown command.
Your shield and plate armour prevent you from hitting the orc warrior.
The orc warrior is heavily wounded.
The orc warrior hits you but does no damage.
You block the orc warrior's attack.
The orc warrior hits you from afar with a +0 halberd!
Unknown command.
You slash the orc warrior!
The orc warrior is almost dead.
The orc warrior hits you from afar with a +0 halberd!
* * * LOW HITPOINT WARNING * * *
You block the orc warrior's attack. x2
Unknown command.
You slice the orc warrior!!
You kill the orc warrior!
You block the orc warrior's attack.
The orc warrior hits you but does no damage.
Unknown command.
You block the orc warrior's attack.
The orc warrior hits you from afar with a +0 halberd!!
You die...

### #### ##∩##
####
....##...##....
≈≈≈..#...#..≈≈≈
≈o≈≈.......≈≈o≈
.oo≈.......≈oo.
≈o≈≈.o)..o.≈≈o≈
#...# #.@.#
##∩## ###


You could see an orc knight, 4 orc warriors and an orc.

Vanquished Creatures
  Pikel (D:4)
  Sigmund (D:5)
  Eustachio (D:5)
  Edmund (D:5)
  Menkaure (D:4)
  Duvessa (D:5)
  2 orc warriors
  2 sky beasts
  An ice beast (D:5)
  A hornet zombie (D:6)
  5 ogres
  2 centaurs
  2 phantoms
  2 lemures (D:4)
  A kobold brigand (D:7)
  A bullfrog (D:7)
  A scorpion (D:7)
  A wyvern skeleton (D:6)
  Dowan (D:5)
  5 wights (D:5)
  A bullfrog zombie (D:6)
  A centaur zombie (D:5)
  4 orc priests
  A jelly (D:5)
  2 centaur skeletons
  Crazy Yiuf (D:5)
  3 iron imps (D:4)
  An iguana (D:4)
  Natasha (D:3)
  2 orc wizards (D:5)
  3 hound skeletons
  Robin (D:3)
  6 gnolls
  2 adders
  3 white imps
  4 ufetubi
  5 worms
  A dart slug (D:2)
  20 orcs
  3 ball pythons
  3 bats
  2 endoplasms
  A giant cockroach (D:4)
  15 goblins
  6 hobgoblins
  3 jackals
  6 quokkas
  5 frilled lizards
  11 kobolds
  5 rats
155 creatures vanquished.

Notes
Turn   | Place    | Note
-------+----------+-------------------------------------------
     0 | D:1      | Peloso the Minotaur Fighter began the quest for the Orb.
     0 | D:1      | Reached XP level 1. HP: 19/19 MP: 0/0
   170 | D:1      | Found a faded altar of an unknown god.
   271 | D:1      | Reached XP level 2. HP: 27/27 MP: 1/1
   412 | D:1      | You fall into a shaft and drop 1 floor!
   503 | D:2      | Reached skill level 3 in Long Blades
   503 | D:2      | Reached XP level 3. HP: 33/33 MP: 2/2
   901 | D:2      | Reached XP level 4. HP: 38/40 MP: 3/3
  1380 | D:3      | Found an ancient bone altar of Kikubaaqudgha.
  1554 | D:3      | Noticed Natasha
  1558 | D:3      | Killed Natasha
  1666 | D:3      | Noticed Robin
  1682 | D:3      | Killed Robin
  1683 | D:3      | Reached skill level 4 in Long Blades
  1683 | D:3      | Reached XP level 5. HP: 37/46 MP: 4/4
  2427 | D:4      | Noticed a phantom
  2441 | D:4      | Killed a phantom
  2442 | D:4      | Reached skill level 5 in Long Blades
  2478 | D:4      | Reached XP level 6. HP: 47/53 MP: 5/5
  2545 | D:4      | Reached skill level 5 in Armour
  2573 | D:4      | Found a burning altar of Makhleb.
  2771 | D:4      | Found a glowing silver altar of Zin.
  2917 | D:4      | Noticed Pikel
  2941 | D:4      | Killed Pikel
  2942 | D:4      | Reached skill level 5 in Fighting
  2942 | D:4      | Reached skill level 7 in Long Blades
  2942 | D:4      | Reached skill level 5 in Shields
  2942 | D:4      | Reached XP level 7. HP: 24/61 MP: 6/6
  3377 | D:4      | Noticed Menkaure
  3387 | D:4      | Killed Menkaure
  3707 | D:4      | Found a hazy altar of Hepliaklqana.
  3732 | D:4      | Reached skill level 8 in Long Blades
  3732 | D:4      | Reached XP level 8. HP: 69/69 MP: 7/7
  4002 | D:4      | Found a runed translucent gate.
  4003 | D:4      | Found a runed translucent gate.
  4003 | D:4      | Found a runed translucent gate.
  4004 | D:4      | Noticed gareppa's ghost (amateur GrFi)
  4711 | D:5      | Entered Level 5 of the Dungeon
  4909 | D:5      | Found a staircase to the Ecumenical Temple.
  4914 | D:5      | Noticed Dowan
  4948 | D:5      | Killed Dowan
  4949 | D:5      | Reached skill level 9 in Long Blades
  5061 | D:5      | Noticed Duvessa
  5079 | D:5      | Killed Duvessa
  5102 | Temple   | Entered the Ecumenical Temple
  5627 | D:5      | Noticed Sigmund
  5656 | D:5      | Killed Sigmund
  5657 | D:5      | Reached skill level 10 in Long Blades
  5657 | D:5      | Reached XP level 9. HP: 60/79 MP: 8/8
  5762 | D:5      | Found a radiant altar of Vehumet.
  5762 | D:5      | Noticed Eustachio
  5820 | D:5      | Killed Eustachio
  6489 | D:5      | Noticed Edmund
  6504 | D:5      | Killed Edmund
  6758 | D:5      | Found an ornate altar of the Wu Jian Council.
  7010 | D:5      | Found a runed translucent door.
  7011 | D:5      | Noticed Crazy Yiuf
  7017 | D:5      | Killed Crazy Yiuf
  7018 | D:5      | Reached skill level 11 in Long Blades
  7642 | D:6      | Found a sacrificial altar of Ru.
  8033 | D:7      | Found Lonuiracse's Magic Scroll Shoppe.
  8114 | D:7      | Found a flagged portal.
  8172 | Bailey   | Entered a bailey
  8172 | Bailey   | Noticed an orc knight
  8184 | Bailey   | Slain by an orc warrior

Illustrated notes

Levels and vault maps discovered:
D:1:      heliophobic_arrival_henge, layout_basic, basic_ecumenical_altar
D:2:      layout_loops_ring, kennysheep_generic_room_8
D:3:      layout_loops_ring, mainiacjoe_overflow_small_starburst, uniq_robin,
          uniq_natasha
D:4:      layout_basic, mainiacjoe_overflow_alcove_2, demons_altar,
          marbit_many_paths, serial_co_window_serial,
          co_window_of_opportunity_a, co_window_paths_a, co_window_corner_a,
          co_window_paths_b, co_window_corner_a, co_window_corner_ca,
          co_window_paths_c, co_window_corner_cb, co_window_cross_2,
          co_window_unsneaky_path_c, co_window_paths_e, co_window_4corner_a,
          glass_columns_a, gammafunk_ghost_nasty_kobolds, uniq_pikel,
          uniq_menkaure
D:5:      layout_loops_ring, nicolae_vehumet_radiance,
          nzn_wu_jian_contemplation, minmay_temple_entry_glass,
          kennysheep_generic_room_16, uniq_edmund, uniq_eustachio, uniq_duvessa,
          uniq_crazy_yiuf_cottage, uniq_sigmund
D:6:      layout_loops_ring, nicolae_overflow_hidden_temple
D:7:      layout_loops_ring, enter_bailey_7, serial_shops,
          nicolae_shop_temple_entry_statues_fountains,
          nicolae_elevator_lobby_asterisk
Temple:   kb_corrupted_temple
Bailey:   bailey_polearm_4, bailey

Skill      XL: |  1  2  3  4  5  6  7  8  9 |
---------------+----------------------------+-----
Armour         | 4 6 7 9 |  9.3
Fighting       | 4 5 7 8 |  8.0
Long Blades    | 3 4 5 7 8 10 11 | 11.8
Shields        | 4 5 6 |  6.3
Dodging        | |  0.8
Stealth        | |  0.4

Action                   |  1- 3 |  4- 6 |  7- 9 || total
-------------------------+-------+-------+-------++-------
Melee: Long sword        |    63 |   162 |   333 ||   558
       Headbutt          |     7 |    35 |    73 ||   115
  Use: Potion            |       |       |     2 ||     2
       Scroll            |       |       |     7 ||     7
Armor: Scale mail        |     4 |       |       ||     4
       Plate armour      |    22 |    90 |   186 ||   298
Dodge: Dodged            |    20 |    32 |    89 ||   141
Block: Buckler           |    14 |    36 |    51 ||   101
       Kite shield       |       |       |    47 ||    47

Table legend: (Time is in decaauts)
 A = Elapsed time spent in this place.
 B = Non-inter-level travel time spent in this place.
 C = Inter-level travel time spent in this place.
 D = Time resting spent in this place.
 E = Time spent auto-exploring this place.
 F = Levels seen in this place.
 G = Mean time per level.
                   A        B        C        D        E       F      G
               +--------+--------+--------+--------+--------+-----+--------+
         Total |   8200 |   7734 |    466 |    377 |   5856 |   9 |  911.1 |
       Dungeon |   7907 |   7441 |    466 |    377 |   5605 |   7 | 1129.6 |
        Temple |    281 |    281 |      0 |      0 |    251 |   1 |  281.0 |
        Bailey |     11 |     11 |      0 |      0 |      0 |   1 |   11.0 |
               +--------+--------+--------+--------+--------+-----+--------+

Top non-repeatable levels by time:
     D:4: 2295 daAuts
     D:5: 2225 daAuts
     D:2: 964 daAuts
     D:3: 939 daAuts
     D:6: 716 daAuts
     D:1: 553 daAuts
  Temple: 281 daAuts
     D:7: 210 daAuts
  Bailey: 11 daAuts
